 Dungeon Crawl Stone Soup version 0.28.0 (webtiles) character file.

Game seed: 14456973656689361261

4813 AmazingTV the Protected (level 10, -15/88 HPs)
             Began as a Minotaur Berserker on Mar 15, 2024.
             Was an Elder of Trog.
             Demolished by a boulder beetle (21 damage)
             ... on level 7 of the Dungeon.
             The game lasted 00:37:49 (8315 turns).

AmazingTV the Protected (Minotaur Berserker)        Turns: 8315, Time: 00:37:49

Health: -15/88     AC: 12    Str: 22    XL:     10   Next: 24%
Magic:  0/9        EV: 11    Int:  6    God:    Trog [****..]
Gold:   158        SH:  0    Dex: 12    Spells: 9/9 levels left

rFire   + . .      SeeInvis .   a - +9 mace of Roumn {vorpal, rC+ Stlth+, mace}
rCold   . . .      Faith    .   (no shield)
rNeg    + . .      Spirit   +   j - +0 scale mail {rN+}
rPois   .          Reflect  .   (helmet restricted)
rElec   .          Harm     .   q - +2 cloak {rCorr}
rCorr   +          Rampage  .   (no gloves)
Will    +....                   (no boots)
Stlth   +.........              d - amulet of guardian spirit
HPRegen 0.24/turn               n - ring of willpower
MPRegen 0.11/turn               A - ring of fire

@: about to teleport, on berserk cooldown, slowed, very slow
A: horns 2, retaliatory headbutt
a: Renounce Religion, Berserk, Trog's Hand, Brothers in Arms


You were on level 7 of the Dungeon.
You worshipped Trog.
Trog was greatly pleased with you.
You visited 1 branch of the dungeon, and saw 8 of its levels.

You collected 419 gold pieces.
You spent 261 gold pieces at shops.


Innate Abilities, Weirdness & Mutations

You have a pair of horns on your head.
You reflexively headbutt those who attack you in melee.


   Skills:
 * Level 7.9 Fighting
 + Level 5.5(7.6) Axes
 + Level 8.2(9.0) Maces & Flails
 * Level 3.6 Crossbows
 * Level 10.2 Armour
 + Level 4.2 Dodging
 + Level 2.0 Stealth
 * Level 6.9 Shields


You had 9 spell levels left.
You didn't know any spells.
Your spell library was empty.

Inventory:

Hand Weapons
 a - the +9 mace of Roumn (weapon) {vorpal, rC+ Stlth+, mace}
   (You found it on level 3 of the Dungeon)

   It inflicts extra damage upon your enemies.
   rC:        It protects you from cold.
   Stlth:     It makes you more stealthy.
 b - a +2 whip of venom {mace}
   (You took it off a kobold on level 2 of the Dungeon)
 r - a +2 quarterstaff of chaos {staff}
   (You took it off Crazy Yiuf on level 3 of the Dungeon)
 C - the +0 dagger of Beogh's Esteem {vorpal, rF+ rC+ MP+9 Stlth+, short}
   (You found it on level 4 of the Dungeon)

   It inflicts extra damage upon your enemies.
   rF:        It protects you from fire.
   rC:        It protects you from cold.
   MP:        It affects your magic capacity (+9).
   Stlth:     It makes you more stealthy.
 I - a +1 vorpal war axe {axe}
   (You took it off an orc on level 5 of the Dungeon)
 W - a +5 dire flail {mace}
   (You took it off a wight on level 7 of the Dungeon)
Missiles
 c - 49 arrows
 f - 109 bolts
 k - 187 stones (quivered)
 p - 8 poisoned darts
 v - 10 boomerangs
 y - 3 curare-tipped darts {=f}
 z - 88 sling bullets
Armour
 j - a +0 scale mail of positive energy (worn)
   (You found it on level 2 of the Dungeon)
 l - a +0 animal skin
 q - a +2 cloak of preservation (worn)
   (You took it off Crazy Yiuf on level 3 of the Dungeon)
 O - the +8 orange crystal plate armour {Archmagi, Int+3 Clar, rare=g}
   (You acquired it on level 7 of the Dungeon)

   Int:       It affects your intelligence (+3).
   Clar:      It protects you against confusion.
 Q - a +0 buckler
   (You found it on level 7 of the Dungeon)
 S - the +1 leather armour "Zingiuqe" {Int+3}
   (You bought it in a shop on level 7 of the Dungeon)

   Int:       It affects your intelligence (+3).
Jewellery
 d - an amulet of guardian spirit (around neck)
   (You found it on level 1 of the Dungeon)
 n - a ring of willpower (left hand)
   (You found it on level 3 of the Dungeon)
 s - a ring of ice
   (You took it off an orc on level 5 of the Dungeon)
 A - a ring of fire (right hand)
   (You found it on level 4 of the Dungeon)
Wands
 m - a wand of mindburst (23)
   (You found it on level 2 of the Dungeon)
 o - a wand of acid (3)
   (You found it on level 3 of the Dungeon)
 D - a wand of iceblast (8)
   (You found it on level 5 of the Dungeon)
 N - a wand of flame (19)
   (You took it off an orc wizard on level 5 of the Dungeon)
 R - a wand of polymorph (10)
   (You found it on level 7 of the Dungeon)
Scrolls
 g - 2 scrolls of vulnerability {!r!r}
 h - 5 scrolls of identify {@r1}
 w - 2 scrolls of brand weapon
 x - a scroll of teleportation {@r4}
 E - a scroll of fear {unknown}
 F - a scroll of acquirement
 G - 2 scrolls of magic mapping {unknown}
 H - a scroll of torment {unknown}
 K - a scroll of enchant weapon {unknown}
 L - a scroll of fog {unknown}
 V - a scroll of blinking {unknown}
Potions
 e - a potion of ambrosia {unknown}
 i - 2 potions of curing {@q1}
 t - 2 potions of lignification {!q}
 u - 2 potions of cancellation
 B - a potion of might {unknown}
 J - a potion of mutation {unknown}
 M - 2 potions of berserk rage {unknown}
 P - 2 potions of degeneration {unknown}
 T - a potion of heal wounds {unknown}
 U - a potion of resistance

Dungeon Overview and Level Annotations

Branches:
Dungeon (8/15)
 Temple: D:4-7         Lair: D:8-11

Altars:
Ashenzari
Dithmenos
Fedhas
Gozag
Hepliaklqana
Nemelex Xobeh
Vehumet
Wu Jian
Yredelemnul

Shops:
D:7 [[*[[

Annotations:
D:3 3 runed translucent doors, optevo's ghost, amateur DjFE

. .. #.. . . ... ...
.. # . ...##......#
.### ..##..#.........
#... ...............#
#..# ....###..#.....#
..⌠
...###..##.....###o##
.....≈≈≈....#..##Bo.#
..##≈≈≈≈≈.#.#..#@###.#
...#≈≈∩?..#.....##
....≈≈≈≈≈.....{#.#
.....≈≈≈.......##..
...............# #.#
...............# ...
...............#...#.#
#..........<.#...# ...
#...##.........#... #.


You could see a boulder beetle, an orc wizard and an orc.


Message History

You are exhausted.
You feel as though you will be slow longer.
The centaur closely misses you.
The centaur kicks you but does no damage.
The boulder beetle leaps! 😮 HP[-22]
You now have 88 max hp (-44).
You closely miss the centaur. The centaur barely misses you. x2
The centaur hits you with a staff of death.
* * * LOW HITPOINT WARNING * * *
The centaur kicks you but does no damage.
An orc comes into view.
It is wielding a +0 hand axe and wearing a +2 ring mail of cold resistance.
The centaur barely misses you. You furiously retaliate!
You headbutt the centaur!
You kill the centaur!
Trog accepts your kill.
Your Stealth skill increases to level 2! 😨 HP[-1]
You take 1 damage, and now have 44/88 hp.
The orc shouts!
You thump the centaur skeleton!
You hear a shout! x2
The centaur skeleton closely misses you.
The centaur skeleton kicks you.
* * * LOW HITPOINT WARNING * * *
The centaur skeleton closely misses you.
The centaur skeleton barely misses you.
You hear a shout! 😨 HP[-1]
You take 1 damage, and now have 43/88 hp.
You closely miss the orc. The centaur skeleton misses you.
The centaur skeleton kicks you but does no damage.
The orc hits you but does no damage.
The centaur skeleton closely misses you.
You furiously retaliate!
You headbutt the centaur skeleton!
The centaur skeleton misses you. 😨 HP[+1]
You barely miss the orc. The centaur skeleton misses you.
You furiously retaliate!
You headbutt the centaur skeleton!
You destroy the centaur skeleton!
Trog accepts your kill. The orc hits you but does no damage.
An orc wizard comes into view. It is wielding a +0 club. 😨 MP[+1]
You hit the orc. You headbutt the orc, but do no damage.
The orc hits you but does no damage. The boulder beetle barely misses you.
The orc barely misses you. You furiously retaliate!
You headbutt the orc. The boulder beetle bites you.
* * * LOW HITPOINT WARNING * * *
😨 HP[-1]
You take 1 damage, and now have 43/88 hp. 😨 HP[+1]
You hit the orc but do no damage. Your headbutt misses the orc.
The orc misses you.
The boulder beetle curls into a ball and begins rolling!
The orc hits you with a +0 hand axe.
* * * LOW HITPOINT WARNING * * *
Something hits you.
* * * LOW HITPOINT WARNING * * *
Deactivating autopickup; reactivate with Ctrl-A.
The boulder beetle stops rolling and uncurls. 😨 HP[-5] MP[-1]
You take 5 damage, and now have 39/88 hp.
You lost 1 mp, and now have 6/9 mp.
You closely miss the orc. You headbutt the orc, but do no damage.
Something hits you.
* * * LOW HITPOINT WARNING * * *
Something hits you but does no damage. The orc barely misses you.
Something hits you but does no damage. 😨 HP[-4] MP[-1]
You take 4 damage, and now have 35/88 hp.
You lost 1 mp, and now have 5/9 mp.
You closely miss the orc.
The orc hits you but does no damage. 😨 HP[+1]
You hit the boulder beetle but do no damage.
Your headbutt misses the boulder beetle.
Something hits you.
* * * LOW HITPOINT WARNING * * *
Something hits you.
* * * LOW HITPOINT WARNING * * *
The boulder beetle bites you!
* * * LOW HITPOINT WARNING * * *
😱 HP[-15] MP[-2]
You take 15 damage, and now have 21/88 hp.
You lost 2 mp, and now have 3/9 mp.
You barely miss something. Your headbutt misses something.
Something hits you but does no damage. x2; The boulder beetle bites you!
* * * LOW HITPOINT WARNING * * *
Something hits you.
* * * LOW HITPOINT WARNING * * *
😱 HP[-14] MP[-2]
You take 14 damage, and now have 7/88 hp.
You lost 2 mp, and now have 1/9 mp.
As you read the scroll of teleportation {@r4}, it crumbles to dust.
You feel strangely unstable. Something hits you.
* * * LOW HITPOINT WARNING * * *
The boulder beetle bites you but does no damage.
The boulder beetle bites you!!
You die...

Skill      XL: |  1  2  3  4  5  6  7  8  9 10 |
---------------+-------------------------------+-----
Axes           | 4 5 |  5.5
Shields        | 1 2 3 4 5 6 |  6.9
Fighting       | 4 5 6 7 |  7.9
Armour         | 3 4 5 6 8 10 | 10.2
Maces & Flails | 1 3 6 8 |  8.2
Dodging        | 3 4 |  4.2
Stealth        | 1 2 |  2.0
Crossbows      | 3 |  3.6

Action                   |  1- 3 |  4- 6 |  7- 9 | 10-12 || total
-------------------------+-------+-------+-------+-------++-------
Melee: Hand axe          |    66 |     1 |       |       ||    67
       Headbutt          |    12 |     5 |    32 |     2 ||    51
       Whip              |       |    26 |       |       ||    26
       Mace              |       |    29 |   261 |    13 ||   303
       Punch             |       |       |     3 |       ||     3
Invok: Berserk           |       |     1 |     2 |       ||     3
  Use: Scroll            |       |       |     8 |     1 ||     9
Armor: Animal skin       |     9 |       |       |       ||     9
       Scale mail        |    11 |    12 |   117 |    15 ||   155
Dodge: Dodged            |    28 |    32 |   128 |    20 ||   208

Levels and vault maps discovered:
D:1:      minmay_arrival_plants_in_alcoves, layout_basic
D:2:      kb_forest_paths, layout_basic
D:3:      layout_loops_corners, ebering_ghost_rock_garden,
          uniq_crazy_yiuf_cottage
D:4:      minmay_thinvault, layout_rooms, mainiacjoe_overflow_brackets
D:5:      layout_cave_pools, serial_glass, glass_columns_b, glass_columns_c,
          glass_columns_a
D:6:      layout_gridville, mainiacjoe_overflow_tiny_flanked,
          grunt_temple_overflow_open
D:7:      minmay_the_grid_square_5x5_3x3 [minmay_the_grid_square_5x5_two,
          minmay_the_grid_square_5x5_two_walls_a,
          minmay_the_grid_square_5x5_almost_minimal,
          minmay_the_grid_square_5x5_plus,
          minmay_the_grid_square_5x5_megaprize_checkered,
          minmay_the_grid_square_5x5_checkered_sparse,
          minmay_the_grid_square_5x5_shrine2, minmay_the_grid_square_5x5_c,
          minmay_the_grid_square_5x5_three_walls], layout_cave_pools,
          minmay_temple_entry_enclosed_plants, serial_shops,
          nicolae_shop_waterfront, nicolae_shop_hallway_stairs, shop_statue,
          shop, shop, uniq_maggie
D:8:      nicolae_cairo_tiling_large, layout_loops_ring,
          amethyst_overflow_temple_binary, minmay_misc_feat_square,
          serial_bayou_pond_d, chequers_serial_rivers_large_a

Notes
Turn   | Place    | Note
-------+----------+-------------------------------------------
     0 | D:1      | AmazingTV the Minotaur Berserker began the quest for the
                  | Orb.
     0 | D:1      | Reached XP level 1. HP: 19/19 MP: 0/0
     0 | D:1      | magus.rc [v1.9.6]
   288 | D:1      | Reached XP level 2. HP: 21/27 MP: 1/1
   399 | D:1      | Reached skill level 4 in Axes
   464 | D:1      | Reached skill level 1 in Shields
   961 | D:2      | Reached skill level 4 in Fighting
  1065 | D:2      | Reached XP level 3. HP: 28/33 MP: 2/2
  1367 | D:2      | Reached XP level 4. HP: 39/41 MP: 1/3
  1500 | D:2      | Reached ** piety under Trog
  2070 | D:3      | Found a runed translucent door.
  2071 | D:3      | Noticed Crazy Yiuf
  2126 | D:3      | Reached skill level 3 in Armour
  2126 | D:3      | Reached skill level 2 in Shields
  2311 | D:3      | Found a runed translucent gate.
  2311 | D:3      | Found a runed translucent gate.
  2314 | D:3      | Found a runed translucent gate.
  2318 | D:3      | Noticed optevo's ghost (amateur DjFE)
  2636 | D:3      | Killed Crazy Yiuf
  2637 | D:3      | Reached skill level 5 in Axes
  2637 | D:3      | Reached XP level 5. HP: 33/47 MP: 1/4
  2642 | D:3      | Identified the +9 mace of Roumn {vorpal, rC+ Stlth+}
  2872 | D:4      | Noticed an ogre
  2971 | D:4      | Reached skill level 4 in Armour
  3004 | D:4      | Noticed an ogre
  3032 | D:4      | Reached XP level 6. HP: 55/55 MP: 5/5
  3035 | D:4      | Reached skill level 1 in Maces & Flails
  3035 | D:4      | Reached skill level 3 in Dodging
  3037 | D:4      | Reached skill level 3 in Shields
  3041 | D:4      | Reached skill level 5 in Fighting
  3111 | D:4      | Reached skill level 5 in Armour
  3270 | D:4      | Reached XP level 7. HP: 54/61 MP: 6/6
  3391 | D:4      | Reached skill level 2 in Maces & Flails
  3499 | D:4      | Reached skill level 6 in Armour
  3656 | D:4      | Reached skill level 3 in Maces & Flails
  3674 | D:4      | Reached skill level 4 in Shields
  3818 | D:4      | Found a sparkling altar of Nemelex Xobeh.
  3900 | D:4      | Identified the +0 dagger of Beogh's Esteem {vorpal, rF+ rC+
                  | MP+9 Stlth+}
  4079 | D:4      | Reached *** piety under Trog
  4161 | D:5      | Entered Level 5 of the Dungeon
  4174 | D:5      | Reached XP level 8. HP: 69/69 MP: 7/7
  4411 | D:5      | Noticed a komodo dragon
  4422 | D:4      | Reached skill level 4 in Maces & Flails
  4446 | D:5      | Reached skill level 7 in Armour
  4642 | D:5      | Killed a komodo dragon
  4643 | D:5      | Reached skill level 5 in Maces & Flails
  4643 | D:5      | Reached skill level 5 in Shields
  5371 | D:5      | Reached skill level 8 in Armour
  5379 | D:5      | Reached skill level 1 in Stealth
  5588 | D:6      | Reached skill level 6 in Maces & Flails
  5610 | D:6      | Found an ornate altar of the Wu Jian Council.
  5625 | D:6      | Reached skill level 6 in Fighting
  5625 | D:6      | Reached XP level 9. HP: 63/75 MP: 8/8
  5862 | D:6      | Reached skill level 4 in Dodging
  5981 | D:6      | Reached skill level 1 in Crossbows
  6019 | D:6      | Found a broken altar of Ashenzari.
  6019 | D:6      | Found a shadowy altar of Dithmenos.
  6021 | D:6      | Found a radiant altar of Vehumet.
  6021 | D:6      | Found a blossoming altar of Fedhas.
  6021 | D:6      | Found a basalt altar of Yredelemnul.
  6542 | D:7      | Found Fiothraw's General Store.
  6624 | D:7      | Found Diomerhi's Antique Armour Shop.
  6624 | D:7      | Found Aweepp's Armour Emporium.
  6635 | D:6      | Reached **** piety under Trog
  6836 | D:7      | Bought an aquamarine-studded leather armour for 168 gold
                  | pieces
  6836 | D:7      | Identified the +1 leather armour "Zingiuqe" {Int+3} (You
                  | bought it in a shop on level 7 of the Dungeon)
  6870 | D:7      | You fall into a shaft and drop 1 floor!
  7079 | D:8      | Reached skill level 7 in Maces & Flails
  7079 | D:8      | Reached skill level 2 in Crossbows
  7079 | D:8      | Reached skill level 6 in Shields
  7339 | D:8      | Reached skill level 9 in Armour
  7810 | D:8      | Found an opulent altar of Gozag.
  7810 | D:8      | Found a hazy altar of Hepliaklqana.
  7908 | D:7      | Found Coseaw's Antique Armour Boutique.
  7988 | D:7      | Found Wiwiur's Antique Armour Emporium.
  7991 | D:7      | Reached skill level 7 in Fighting
  8255 | D:7      | Bought a scroll of amnesia for 38 gold pieces
  8255 | D:7      | Bought a scroll of noise for 11 gold pieces
  8255 | D:7      | Bought a scroll of identify for 22 gold pieces
  8255 | D:7      | Bought a scroll of identify for 22 gold pieces
  8262 | D:7      | Identified 2 scrolls of acquirement
  8265 | D:7      | Acquired the +8 orange crystal plate armour {Archmagi,
                  | Int+3 Clar}
  8265 | D:7      | Found the +8 orange crystal plate armour {Archmagi, Int+3
                  | Clar, rare=g}
  8281 | D:7      | Reached skill level 3 in Crossbows
  8283 | D:7      | Noticed a boulder beetle
  8297 | D:7      | Noticed Maggie
  8299 | D:7      | Killed a boulder beetle
  8300 | D:7      | Reached skill level 8 in Maces & Flails
  8300 | D:7      | Reached skill level 10 in Armour
  8300 | D:7      | Reached XP level 10. HP: 80/88 MP: 7/9
  8300 | D:7      | Noticed a boulder beetle
  8303 | D:7      | Killed Maggie
  8305 | D:7      | Reached skill level 2 in Stealth
  8313 | D:7      | HP: 21/88 [boulder beetle (11)]
  8314 | D:7      | HP: 7/88 [something (4)]
  8315 | D:7      | Demolished by a boulder beetle

Vanquished Creatures
  A boulder beetle (D:7)
  Maggie (D:7)
  A komodo dragon (D:5)
  A wyvern (D:8)
  2 wraiths (D:7)
  2 water moccasins
  2 orc warriors
  An ice beast (D:6)
  A black bear (D:4)
  A necrophage (D:6)
  4 ogres
  2 centaurs (D:7)
  A phantom (D:4)
  3 bullfrogs
  6 scorpions
  A water moccasin skeleton (D:7)
  4 wights (D:7)
  6 hounds
  A bullfrog zombie (D:5)
  A centaur zombie (D:6)
  Crazy Yiuf (D:3)
  8 orc priests
  A jelly (D:6)
  2 bullfrog skeletons (D:5)
  2 centaur skeletons (D:7)
  2 iguanas
  10 orc wizards
  A scorpion zombie (D:4)
  A hound zombie (D:5)
  A howler monkey zombie (D:6)
  4 gnolls (D:2)
  8 adders
  A shadow imp (D:7)
  3 white imps (D:8)
  An ufetubus (D:5)
  A worm (D:5)
  2 dart slugs
  35 orcs
  9 ball pythons
  5 endoplasms
  4 giant cockroaches
  2 goblins
  8 hobgoblins
  A jackal (D:4)
  2 quokkas (D:1)
  4 bats
  A frilled lizard (D:3)
  9 kobolds
  A quokka skeleton (D:4)
  A quokka zombie (D:4)
  3 rats
176 creatures vanquished.

Vanquished Creatures (others)
  6 plants
6 creatures vanquished.

Grand Total: 182 creatures vanquished

Table legend:
 A = Non-vault XP
 B = Vault XP
 C = Vault XP percentage of total XP
 D = Non-vault monster count
 E = Vault monster count
 F = Vault count percentage of total count
                 A         B        C        D         E       F
            +---------+---------+-------+---------+---------+-------
      Total |    4488 |    2389 |  34.7 |     142 |      34 |  19.3
            +---------+---------+-------+---------+---------+-------
        D:1 |      27 |       0 |   0.0 |      16 |       0 |   0.0
        D:2 |      71 |      22 |  23.7 |      12 |       6 |  33.3
        D:3 |      71 |      42 |  37.2 |      10 |       1 |   9.1
        D:4 |     734 |     588 |  44.5 |      29 |      20 |  40.8
        D:5 |     996 |       0 |   0.0 |      26 |       0 |   0.0
        D:6 |     835 |       0 |   0.0 |      15 |       0 |   0.0
        D:7 |    1158 |    1737 |  60.0 |      19 |       7 |  26.9
        D:8 |     596 |       0 |   0.0 |      15 |       0 |   0.0
            +---------+---------+-------+---------+---------+-------

Illustrated notes

Table legend:
 A = Kills in this place as a percentage of kills in entire the game.
 B = Kills by you in this place as a percentage of kills by you in the entire game.
 C = Kills by friends in this place as a percentage of kills by friends in the entire game.
 D = Other kills in this place as a percentage of other kills in the entire game.
 E = Experience gained in this place as a percentage of experience gained in the entire game.
 F = Experience gained in this place divided by the number of levels of this place that you have seen.
                   A       B       C       D       E      F
               +-------+-------+-------+-------+-------+----------------------
         Total | 100.0 | 100.0 |   N/A |   N/A | 100.0 | 859.6
       Dungeon | 100.0 | 100.0 |   N/A |   N/A | 100.0 | 859.6
               +-------+-------+-------+-------+-------+----------------------

Table legend: (Time is in decaauts)
 A = Elapsed time spent in this place.
 B = Non-inter-level travel time spent in this place.
 C = Inter-level travel time spent in this place.
 D = Time resting spent in this place.
 E = Time spent auto-exploring this place.
 F = Levels seen in this place.
 G = Mean time per level.
                   A        B        C        D        E       F      G
               +--------+--------+--------+--------+--------+-----+--------+
         Total |   8377 |   8018 |    359 |   1630 |   4794 |   8 | 1047.1 |
       Dungeon |   8377 |   8018 |    359 |   1630 |   4794 |   8 | 1047.1 |
               +--------+--------+--------+--------+--------+-----+--------+

Top non-repeatable levels by time:
     D:4: 1754 daAuts
     D:6: 1339 daAuts
     D:3: 1053 daAuts
     D:8: 1046 daAuts
     D:1: 959 daAuts
     D:5: 875 daAuts
     D:2: 857 daAuts
     D:7: 492 daAuts
